 Dungeon Crawl Stone Soup version 0.30.1-4-g462c640d31 (webtiles) character file.

Game seed: 2800825473597201691

268 Gogs the Chopper (level 6, -4/79 HPs)
             Began as an Armataur Berserker on Aug 25, 2023.
             Was a Believer of Trog.
             Slain by Grinder (6 damage)
             ... on level 3 of the Dungeon.
             The game lasted 00:14:04 (1891 turns).

Gogs the Chopper (Armataur Berserker)               Turns: 1891, Time: 00:14:05

Health: -4/79      AC:  7    Str: 25    XL:     6   Next: 0%
Magic:  6/6        EV:  8    Int:  7    God:    Trog [**....]
Gold:   135        SH:  0    Dex:  9    Spells: 5/5 levels left

rFire   . . .        r - +3 scythe (freeze)
rCold   . . .        (shield currently unavailable)
rNeg    . . .        g - +1 scale mail
rPois   .            (no helmet)
rElec   .            (no cloak)
rCorr   .            (no gloves)
SInv    .            (no barding)
Will    .....        l - amulet of the acrobat Stlth
                     (no ring)
HPRegen 0.33/turn    (no ring)
MPRegen 0.10/turn

%: acrobat, roll
@: berserking, very quick
A: large, rugged brown scales 3, deformed body, armoured tail, roll, long
tongue, awkward tongue
a: Renounce Religion, Berserk, Trog's Hand


You were on level 3 of the Dungeon.
You worshipped Trog.
Trog was pleased with you.
You visited 1 branch of the dungeon, and saw 3 of its levels.

You collected 135 gold pieces.

Inventory:

Hand Weapons
 a - a +3 whip of freezing
 b - a +1 dagger of venom
 k - a +0 hand axe
 r - a +3 scythe of freezing (weapon)
Missiles
 c - 24 stones (quivered)
Armour
 g - a +1 scale mail (worn)
 m - a +0 chain mail
Jewellery
 l - an amulet of the acrobat (around neck)
Wands
 f - a wand of paralysis (7)
Scrolls
 d - 2 scrolls of fear
 h - 2 scrolls of enchant weapon
 j - a scroll of teleportation {unknown}
 n - 2 scrolls of enchant armour
 o - a scroll of magic mapping {unknown}
 s - a scroll of acquirement {unknown}
Potions
 e - a potion of cancellation
 i - a potion of lignification
 p - a potion of curing
 q - a potion of haste


   Skills:
 - Level 2.6 Fighting
 * Level 5.6 Axes
 - Level 2.4 Armour
 - Level 1.3 Dodging


You had 5 spell levels left.
You didn't know any spells.
Your spell library was empty.

Dungeon Overview and Level Annotations

Branches:
Dungeon (3/15)

Altars:
Ashenzari
Cheibriados
Fedhas
Kikubaaqudgha
Makhleb
Qazlal
Ru
Sif Muna
Trog
Wu Jian
Yredelemnul

Annotations:
D:3 Grinder


Innate Abilities, Weirdness & Mutations

You are completely covered in rugged brown scales. (AC +3, +7% HP)
Armour fits poorly on your strangely shaped body.
You have a long armoured tail.
You roll when moving toward enemies. (Rampage)
Your long tongue fully drains potion bottles. (2x potion effects)
Your tongue gives you trouble enunciating. (1.5x scroll delay)


Message History

No target in view!
No target in view!
Grinder blinks!
You roll towards Grinder!
Grinder drinks a potion.
Grinder flickers and vanishes!
Deactivating autopickup; reactivate with Ctrl-A.
No target in view!
No target in view!
No target in view!
Something hits you.
You writhe in agony.
You closely miss something.
Your tail-slap misses something.
Something hits you.
You writhe in agony.
You suddenly lose the ability to move!
Something tries to affect you, but you resist.
You can move again.
Something hits you.
You writhe in agony.
You closely miss something. Something hits you but does no damage.
You puncture something! You freeze something.
Your tail-slap misses something.
Something hits you but does no damage.
You miss something.
Your tail-slap misses something.
Something hits you.
You writhe in agony.
Something hits you but does no damage.
You barely miss something. You closely miss something.
Pain shoots through your body!
You closely miss something. Something hits you.
You writhe in agony.
You suddenly lose the ability to move!
Something hits you!
You writhe in agony.
* * * LOW HITPOINT WARNING * * *
You can move again.
A red film seems to cover your vision as you go berserk!
You feel yourself moving faster!
You feel mighty! Something hits you but does no damage.
You completely miss something. You closely miss something. Something hits you.
* * * LOW HITPOINT WARNING * * *
You miss something.
Your tail-slap misses something.
Pain shoots through your body!
* * * LOW HITPOINT WARNING * * *
You impale something!! Something hits you.
* * * LOW HITPOINT WARNING * * *
You writhe in agony.
You die...

# #.# # #.# # #.#
### #.# ..# #.# ##
#.# #.# #.. #.#
##.######## #.. #.#
#.@.......# #..#.#
#########.#.##..#.#
#.#........
#.#.##..#.#
#.#>......[
#.#.#...#.†
###.#.....#..
#......## #..
#......# #..


There were no monsters in sight!

Vanquished Creatures
  Sigmund (D:3)
  An iguana (D:3)
  An adder (D:3)
  3 endoplasms
  5 giant cockroaches
  6 hobgoblins
  11 jackals
  10 kobolds
  3 quokkas
  7 ball pythons
  5 bats
  2 frilled lizards (D:3)
  6 goblins
  7 rats
68 creatures vanquished.

Notes
Turn   | Place    | Note
-------+----------+-------------------------------------------
     0 | D:1      | Gogs the Armataur Berserker began the quest for the Orb.
     0 | D:1      | Reached XP level 1. HP: 19/19 MP: 1/1
   136 | D:1      | Reached XP level 2. HP: 26/26 MP: 2/2
   139 | D:1      | Reached skill level 3 in Axes
   394 | D:1      | Reached ** piety under Trog
   478 | D:1      | Reached XP level 3. HP: 32/32 MP: 3/3
   574 | D:1      | HP: 1/32 [poisoned by a kobold]
  1481 | D:3      | Found a broken altar of Ashenzari.
  1483 | D:3      | Found a snail-covered altar of Cheibriados.
  1502 | D:3      | Found a blossoming altar of Fedhas.
  1506 | D:3      | Found a burning altar of Makhleb.
  1507 | D:3      | Found a sacrificial altar of Ru.
  1509 | D:3      | Found a shimmering blue altar of Sif Muna.
  1509 | D:3      | Found a bloodstained altar of Trog.
  1510 | D:3      | Found an ancient bone altar of Kikubaaqudgha.
  1516 | D:3      | Found a basalt altar of Yredelemnul.
  1517 | D:3      | Found an ornate altar of the Wu Jian Council.
  1518 | D:3      | Found a stormy altar of Qazlal.
  1533 | D:3      | Reached skill level 4 in Axes
  1609 | D:3      | Reached XP level 4. HP: 38/39 MP: 4/4
  1774 | D:3      | Noticed Sigmund
  1779 | D:3      | Killed Sigmund
  1780 | D:3      | Reached skill level 5 in Axes
  1780 | D:3      | Reached XP level 5. HP: 44/44 MP: 5/5
  1783 | D:3      | Reached XP level 6. HP: 53/53 MP: 6/6
  1854 | D:3      | Noticed Grinder
  1865 | D:3      | Paralysed by something for 4 turns
  1885 | D:3      | Paralysed by something for 2 turns
  1891 | D:3      | HP: 2/79 [something (6)]
  1891 | D:3      | Slain by Grinder

Illustrated notes

Levels and vault maps discovered:
D:1:      tarquinn_simple_flora_water_d, layout_basic, minmay_box_of_dots
D:2:      layout_rooms
D:3:      layout_basic, nicolae_overflow_hallway_of_the_gods, serial_curves,
          eino_curves_03, eino_curves_04, uniq_sigmund, uniq_grinder

Skill      XL: |  1  2  3  4 |
---------------+-------------+-----
Axes           | 3 4 5 |  5.6
Fighting       | |  2.6
Armour         | |  2.4
Dodging        | |  1.3

Action                     |  1- 3 |  4- 6 || total
---------------------------+-------+-------++-------
  Melee: Hand axe          |    46 |       ||    46
         Punch             |     1 |       ||     1
         Dagger            |    85 |       ||    85
         Tailslap          |     9 |     1 ||    10
         Whip              |    25 |    15 ||    40
         Halberd           |       |    12 ||    12
 Invoke: Berserk           |       |     2 ||     2
    Use: Scroll            |    10 |     1 ||    11
         Potion            |     1 |       ||     1
 Armour: Animal skin       |    10 |       ||    10
         Scale mail        |    54 |     9 ||    63
  Dodge: Dodged            |    69 |     8 ||    77
